 Dungeon Crawl Stone Soup version 0.25-a0-474-ga8a2ee3 (webtiles) character file.

Game seed: 3974722384274293564, levelgen mode: deterministic

151 Faca the Poker (level 5, -1/43 HPs)
             Began as a Merfolk Gladiator on Feb 7, 2020.
             Killed by nerve-wracking pain
             ... invoked by Grinder
              (13 damage)
             ... on level 2 of the Dungeon.
             The game lasted 00:06:44 (2282 turns).

Faca the Poker (Merfolk Gladiator)                  Turns: 2282, Time: 00:06:44

Health: -1/43      AC:  6    Str: 15    XL:     5   Next: 33%
Magic:  5/5        EV: 12    Int:  8    God:
Gold:   132        SH:  5    Dex: 15    Spells: 4/4 levels left

rFire    . . .     SeeInvis .   a - +0 trident
rCold    . . .     Gourm    .   n - +2 buckler
rNeg     . . .     Faith    .   e - +0 ring mail
rPois    .         Spirit   .   c - +0 helmet
rElec    .         Reflect  .   (no cloak)
rCorr    .         Harm     .   (no gloves)
MR       .....                  (no boots)
Stlth    +.........             (no amulet)
HPRegen  0.14/turn              (no ring)
MPRegen  0.09/turn              (no ring)

@: no status effects
A: change form in water, swift swim, stealthy swim
a: no special abilities


You were on level 2 of the Dungeon.
You were not hungry.

You visited 1 branch of the dungeon, and saw 3 of its levels.

You collected 132 gold pieces.

Inventory:

Hand Weapons
 a - a +0 trident (weapon)
Missiles
 d - 3 throwing nets (quivered)
Armour
 c - a +0 helmet (worn)
 e - a +0 ring mail (worn)
 n - a +2 buckler (worn)
Scrolls
 b - 3 scrolls of remove curse {unknown}
 g - 2 scrolls of enchant weapon {unknown}
 l - a scroll of immolation {unknown}
 m - 3 scrolls of magic mapping {unknown}
 o - 2 scrolls of identify {unknown}
 p - a scroll of blinking {unknown}
 r - a scroll of amnesia {unknown}
Potions
 h - a potion of resistance {unknown}
 i - a potion of haste {unknown}
 j - a potion of agility {unknown}
 k - a potion of degeneration {unknown}
Comestibles
 f - 4 rations


   Skills:
 + Level 4.4 Fighting
 + Level 6.7 Polearms
 - Level 2.0 Throwing
 - Level 4.0 Dodging


You had 4 spell levels left.
You didn't know any spells.
Your spell library was empty.

Dungeon Overview and Level Annotations

Branches:
Dungeon (3/15)

Altars:
Ashenzari
Nemelex Xobeh

Annotations:
D:2 Grinder


Message History

There is a stone staircase leading down here.
Grinder gestures at you. You resist with significant effort.
Grinder blinks!
Grinder says, "There's only one good use for a tongue: cutting it out."
Grinder gestures at you.
You suddenly lose the ability to move!
Grinder hits you but does no damage. Grinder hits you!
You writhe in agony.
* * * LOW HITPOINT WARNING * * *
Grinder says, "Mostly I couldn't keep them alive."
Grinder gestures at you.
You shrug off the repeated paralysis!
You can move again.
Grinder says, "Tell me all your secrets, or I'll kill you."
Grinder says, "Just stop there for a second..."
There is a stone staircase leading down here.
Grinder gestures at you. Pain shoots through your body!
You die...

#.#.....### #####.......♣♣.♣
###...###...###.....####......
#.....[.......#........#÷.....
#.........##..#..##....#......
#.............#..#.....#......
##########.....5..._......####
#.....#.....#..#)####
#.....#....##..#.)..#
#...@.#..5.....#.....
###.##..####.....#.####
#...##.......####### ##
#.####.##.#........# #.
#.####.##.#........###.
##.##...##.#........#...
####..#..####.#............
##.......## #..#............
##........## #.##...........#


You could see Grinder.

Vanquished Creatures
  A worker ant (D:3)
  3 adders
  2 oozes (D:1)
  A worm (D:3)
  4 dart slugs
  2 leopard geckos (D:1)
  An orc (D:3)
  5 giant cockroaches
  9 goblins
  10 hobgoblins
  7 jackals
  6 kobolds
  4 quokkas
  A ball python (D:2)
  9 bats
  4 frilled lizards
  6 rats
75 creatures vanquished.

Notes
Turn   | Place    | Note
-------+----------+-------------------------------------------
     0 | D:1      | Faca the Merfolk Gladiator began the quest for the Orb.
     0 | D:1      | Reached XP level 1. HP: 16/16 MP: 1/1
   111 | D:1      | Reached XP level 2. HP: 23/23 MP: 2/2
   151 | D:1      | Reached skill level 5 in Polearms
   290 | D:1      | Reached XP level 3. HP: 28/29 MP: 3/3
   830 | D:2      | Reached XP level 4. HP: 35/36 MP: 4/4
   903 | D:2      | Reached skill level 6 in Polearms
  1008 | D:2      | Found a shattered altar of Ashenzari.
  1515 | D:3      | Noticed Grinder
  1538 | D:3      | Paralysed by something for 5 turns
  1638 | D:3      | Found a sparkling altar of Nemelex Xobeh.
  1802 | D:3      | Reached XP level 5. HP: 35/42 MP: 5/5
  1946 | D:3      | Paralysed by Grinder for 4 turns
  1999 | D:3      | Found a faded altar of an unknown god.
  2103 | D:3      | Paralysed by Grinder for 3 turns
  2114 | D:3      | Paralysed by Grinder for 7 turns
  2252 | D:3      | Paralysed by Grinder for 6 turns
  2262 | D:2      | Paralysed by Grinder for 5 turns
  2282 | D:2      | Killed from afar by Grinder

Levels and vault maps discovered:
D:1:      wheals_arrival_linesprint, layout_loops_cross
D:2:      layout_rooms, nicolae_overflow_crystal_walls, serial_bayou_crossing
D:3:      layout_loops_ring, nemelex_xobeh_ov_fountains_minmay,
          chequers_ecumenical_altar_simple, uniq_grinder

Skill      XL: |  1  2  3  4 |
---------------+-------------+-----
Polearms       | 5 6 |  6.7
Fighting       | 3 4 |  4.4
Throwing       | |  2.0
Dodging        | |  4.0

Action                   |  1- 3 |  4- 6 || total
-------------------------+-------+-------++-------
Melee: Trident           |   116 |   126 ||   242
 Stab: Sleeping          |     2 |       ||     2
  Eat: Chunk             |       |     5 ||     5
Armor: Leather armour    |     3 |       ||     3
       Ring mail         |    33 |    39 ||    72
Dodge: Dodged            |    76 |    66 ||   142
Block: Buckler           |       |    14 ||    14

Table legend:
 A = Non-vault XP
 B = Vault XP
 C = Vault XP percentage of total XP
 D = Non-vault monster count
 E = Vault monster count
 F = Vault count percentage of total count
                 A         B        C        D         E       F
            +---------+---------+-------+---------+---------+-------
      Total |     217 |       0 |   0.0 |      75 |       0 |   0.0
            +---------+---------+-------+---------+---------+-------
        D:1 |      72 |       0 |   0.0 |      33 |       0 |   0.0
        D:2 |      49 |       0 |   0.0 |      23 |       0 |   0.0
        D:3 |      96 |       0 |   0.0 |      19 |       0 |   0.0
            +---------+---------+-------+---------+---------+-------
